 Dungeon Crawl Stone Soup version 0.30-a0-937-ga0a21ad780 (webtiles) character file.

Game seed: 11798613898982898093

45 iguanaiguana the Digger (level 3, -4/27 HPs)
             Began as an Armataur Earth Elementalist on Mar 24, 2023.
             Slain by a river rat (7 damage)
             ... on level 3 of the Dungeon.
             The game lasted 00:04:02 (473 turns).

iguanaiguana the Digger (AtEE)                       Turns: 473, Time: 00:04:02

Health: -4/27      AC:  4    Str: 13    XL:     3   Next: 42%
Magic:  0/5        EV:  9    Int: 17    God:
Gold:   37         SH:  0    Dex: 10    Spells: 2/5 levels left

rFire   . . .      SeeInvis .    h - +2 spear (heavy)
rCold   . . .      Faith    .    (no shield)
rNeg    . . .      Spirit   .    a - +0 robe
rPois   .          Reflect  .    (no helmet)
rElec   .          Roll     +    (no cloak)
rCorr   .                        (no gloves)
Will    .....                    (no barding)
Stlth   ++                       (no amulet)
HPRegen 0.24/turn                (no ring)
MPRegen 0.09/turn                (no ring)

@: no status effects
A: large, rugged brown scales 3, deformed body, armoured tail, roll, long
tongue, awkward tongue
a: no special abilities


You were on level 3 of the Dungeon.
You visited 1 branch of the dungeon, and saw 3 of its levels.

You collected 37 gold pieces.

Inventory:

Hand Weapons
 h - a +2 heavy spear (weapon)
Missiles
 i - 4 curare-tipped darts (quivered)
Armour
 a - a +0 robe (worn)
Scrolls
 c - 2 scrolls of identify {unknown}
 d - a scroll of acquirement {unknown}
 f - a scroll of vulnerability {unknown}
 g - 2 scrolls of teleportation {unknown}
Potions
 b - a potion of magic
 e - a potion of attraction {unknown}


   Skills:
 - Level 1.3 Dodging
 - Level 2.1 Stealth
 - Level 1.7 Spellcasting
 - Level 0.8 Transmutations
 + Level 4.1 Earth Magic


You had 2 spell levels left.
You knew the following spells:

 Your Spells              Type           Power      Damage    Failure   Level
a - Sandblast             Erth           30%        2d9       3%          1
b - Passwall              Tmut/Erth      8%         N/A       11%         2

Your spell library contained the following spells:

 Spells                   Type           Power      Damage    Failure   Level
 Static Discharge         Conj/Air       2%         2-3/arc   30%         2
 Stone Arrow              Conj/Erth      16%        3d8       26%         3
 Vhi's Electric Charge    Tloc/Air       2%         N/A       52%         3
 Petrify                  Tmut/Erth      10%        N/A       56%         4
 Arcjolt                  Conj/Air       0%         1d10      99%         5
 Plasma Beam              Fire/Air       0%         2x1d11    99%         5


Dungeon Overview and Level Annotations

Branches:
Dungeon (3/15) Zot: 17507

Altars:


Innate Abilities, Weirdness & Mutations

You are completely covered in rugged brown scales. (AC +3, +7% HP)
Armour fits poorly on your strangely shaped body.
You have a long armoured tail.
You roll when moving toward enemies. (Rampage)
Your long tongue fully drains potion bottles. (2x potion effects)
Your tongue gives you trouble enunciating. (1.5x scroll delay)


Message History

The river rat is heavily wounded.
The river rat bites you. x2
Casting: Sandblast (safe; 3% risk of failure)
Confirm with . or Enter, or press ? or * to list all spells.
Aiming: Sandblast (safe; 3% risk of failure)
Press: ? - help, Shift-Dir - straight line, f/p - river rat
Aim: a river rat (heavily wounded, 80% to hit)
The blast of sand misses the river rat.
The river rat bites you!
* * * LOW HITPOINT WARNING * * *
Casting: Sandblast (safe; 3% risk of failure)
Confirm with . or Enter, or press ? or * to list all spells.
Aiming: Sandblast (safe; 3% risk of failure)
Press: ? - help, Shift-Dir - straight line, f/p - river rat
Aim: a river rat (heavily wounded, 80% to hit)
The blast of sand misses the river rat.
The river rat bites you.
* * * LOW HITPOINT WARNING * * *
Reach: h) +2 spear (heavy)
Press: ? - help, Dir - move target, f/p - river rat
Aim: a river rat (heavily wounded, about 43% to evade your +2 heavy spear)
You closely miss the river rat.
The river rat is heavily wounded.
You hear the brisk rusting of a drain.
Reach: h) +2 spear (heavy)
Press: ? - help, Dir - move target, f/p - river rat
Aim: a river rat (heavily wounded, about 43% to evade your +2 heavy spear)
You hit the river rat but do no damage.
Your tail-slap misses the river rat.
The river rat is heavily wounded.
The river rat bites you.
* * * LOW HITPOINT WARNING * * *
Throw: 5 darts (curare)
Press: ? - help, Shift-Dir - straight line, f/p - river rat
Aim: a river rat (moderately wounded, 50% to hit)
You throw a curare-tipped dart.
The curare-tipped dart hits the river rat.
The river rat is poisoned.
The river rat convulses.
The river rat seems to slow down.
The river rat is severely wounded.
You hear a splash.
The river rat bites you!
You die...

##+# # ##...## .#
####.....##.#
..#.......#.#
##...........#
....<......####
#........†##~~####~
#.......@r~~~~~~~
##.....###~~####~
##...## ### ##'##
#.##### #.##..#
##.##.## ##...#.# #
#......##


You could see a river rat (very poisoned, slow).

Vanquished Creatures
  3 adders
  2 orcs (D:3)
  A giant cockroach (D:2)
  A goblin (D:2)
  2 hobgoblins (D:3)
  2 quokkas (D:3)
  A ball python (D:2)
  2 bats (D:2)
  2 frilled lizards
  A kobold (D:3)
  A rat (D:3)
18 creatures vanquished.

Notes
Turn   | Place    | Note
-------+----------+-------------------------------------------
     0 | D:1      | iguanaiguana the Armataur Earth Elementalist began the
                  | quest for the Orb.
     0 | D:1      | Reached XP level 1. HP: 14/14 MP: 3/3
    49 | D:3      | Reached skill level 3 in Earth Magic
   179 | D:2      | Reached XP level 2. HP: 21/21 MP: 1/4
   232 | D:2      | Learned a level 2 spell: Passwall
   372 | D:3      | Reached XP level 3. HP: 17/27 MP: 0/5
   434 | D:3      | Reached skill level 4 in Earth Magic
   473 | D:3      | Slain by a river rat

Illustrated notes

Levels and vault maps discovered:
D:1:      dpeg_arrival_water_altar, layout_loops_corners, dk_noncrumbling_3
D:2:      layout_loops_ring
D:3:      layout_loops_corners, serial_shops, nicolae_shop_trees,
          gup_sewer_entry_bubbles, minmay_vboxes, uniq_jessica

Skill      XL: |  1  2  3 |
---------------+----------+-----
Earth Magic    | 3 4 |  4.1
Dodging        | |  1.3
Stealth        | |  2.1
Spellcasting   | |  1.7
Transmutations | |  0.8

Action                     || total
---------------------------++-------
  Melee: Spear             ||    12
  Throw: Dart              ||     1
   Cast: Sandblast         ||    24
   Stab: Sleeping          ||     1
 Armour: Robe              ||     9
  Dodge: Dodged            ||    10

Table legend: (Time is in decaauts)
 A = Elapsed time spent in this place.
 B = Non-inter-level travel time spent in this place.
 C = Inter-level travel time spent in this place.
 D = Time resting spent in this place.
 E = Time spent auto-exploring this place.
 F = Levels seen in this place.
 G = Mean time per level.
                   A        B        C        D        E       F      G
               +--------+--------+--------+--------+--------+-----+--------+
         Total |    491 |    479 |     12 |      0 |      0 |   3 |  163.7 |
       Dungeon |    491 |    479 |     12 |      0 |      0 |   3 |  163.7 |
               +--------+--------+--------+--------+--------+-----+--------+

Top non-repeatable levels by time:
     D:3: 271 daAuts
     D:2: 212 daAuts
     D:1: 8 daAuts
